[Event "Titled Tuesday Blitz March 15 Late 2022"]
[White "Taichman, Ori"]
[Black "Mikhalsky, Vladimir"]
[WhiteFideId "2804069"]
[BlackFideId "14144352"]
[WhiteElo "2227"]
[BlackElo "2301"]
[Result "1-0"]
[Round "07"]
[TimeControl "180+1"]
[Date "2022.03.16"]
[WhiteClock "0:01:23"]
[BlackClock "0:00:14"]

1. e4 c5 2. b3 Nc6 3. Bb2 e5 4. f4 d6 5. Nf3 exf4 6. Bb5 Bd7 7. O-O Nf6 8. Qe1 Be7 9. Bxc6 Bxc6 10. e5 Nh5 11. exd6 Qxd6 12. Na3 O-O-O 13. Nc4 Qe6 14. Qf2 Qd5 15. Rae1 Bf6 16. Bxf6 gxf6 17. Na5 Rhg8 18. Nxc6 Qxc6 19. b4 Rd5 20. bxc5 Qxc5 21. d4 Qc3 22. Re7 Rd7 23. Rxd7 Kxd7 24. Qh4 Qe3+ 25. Kh1 Qe2 26. Rg1 Rxg2 27. Qh3+ Kc7 28. Rxg2 Qd1+ 29. Rg1 Qe2 30. Qxh5 1-0


[Site "https://www.chess.com"]

[Event "Titled Tuesday Blitz March 15 Late 2022"]
[White "Tari, Aryan"]
[Black "Dubov, Daniil"]
[WhiteFideId "1510045"]
[BlackFideId "24126055"]
[WhiteElo "2925"]
[BlackElo "3084"]
[Result "0-1"]
[Round "07"]
[TimeControl "180+1"]
[Date "2022.03.15"]
[WhiteClock "0:00:02"]
[BlackClock "0:00:18"]

1. e4 c5 2. Nc3 e6 3. d4 cxd4 4. Qxd4 Nc6 5. Qd3 Nf6 6. Bf4 e5 7. Bg5 Bb4 8. Ne2 d5 9. O-O-O d4 10. Nd5 Be7 11. Bxf6 Bxf6 12. Ng3 O-O 13. Qf3 Bg5+ 14. Kb1 Be6 15. h4 Bf4 16. Nh5 Rc8 17. Bc4 b5 18. Bb3 a5 19. Nhxf4 exf4 20. Nxf4 Bc4 21. h5 h6 22. a4 bxa4 23. Bxc4 Ne5 24. Qa3 Nxc4 25. Qxa4 Qb6 26. b3 Rfd8 27. Nd5 Qb7 28. Rxd4 Ne5 29. Rhd1 Re8 30. Ne3 Qc7 31. Qb5 Qc3 32. R4d2 a4 33. Qxa4 Ra8 34. Nd5 Qc5 35. Qd4 Qa3 36. Qb2 Qa7 37. f4 Nc4 38. bxc4 Reb8 39. Rd3 Qa1# 0-1


[Site "https://www.chess.com"]

[Event "Titled Tuesday Blitz March 15 Late 2022"]
[White "Tarigan, Gilbert Elroy"]
[Black "Zotova, Anastasia"]
[WhiteFideId "7108133"]
[BlackFideId "34124907"]
[WhiteElo "1908"]
[BlackElo "1860"]
[Result "1-0"]
[Round "07"]
[TimeControl "180+1"]
[Date "2022.03.16"]
[WhiteClock "0:00:06"]
[BlackClock "0:00:57"]

1. Nf3 Nf6 2. g3 g6 3. Bg2 Bg7 4. O-O O-O 5. d3 c5 6. Nc3 Nc6 7. e4 d6 8. h3 Rb8 9. Be3 b5 10. Qd2 b4 11. Ne2 Nd7 12. c3 a5 13. Bh6 bxc3 14. bxc3 Ba6 15. Rfe1 Qb6 16. Bxg7 Kxg7 17. h4 Qb2 18. Qe3 Nce5 19. Nxe5 Nxe5 20. Rad1 Qxa2 21. h5 Qc2 22. Rd2 Qb3 23. f4 Ng4 24. Qf3 Nf6 25. g4 Bb7 26. Qh3 a4 27. e5 dxe5 28. fxe5 Nd5 29. h6+ Kg8 30. Qh4 Qb6 31. c4 Ne3 32. Bxb7 Qxb7 33. Nf4 Qb4 34. Rde2 Nc2 35. Rf1 Nd4 36. Ref2 Qb7 37. Nd5 Rfe8 38. Nf6+ exf6 39. Qxf6 Kf8 40. Qg7+ Ke7 41. Rxf7+ Kd8 42. Rxb7 Ne2+ 43. Kh2 Rxb7 44. Qxb7 Re7 45. Rf8+ Re8 46. Qb8+ Ke7 47. Qxe8# 1-0


[Site "https://www.chess.com"]

[Event "Titled Tuesday Blitz March 15 Late 2022"]
[White "Thavandiran, Shiyam"]
[Black "Rosen, Eric"]
[WhiteFideId "2605058"]
[BlackFideId "2032562"]
[WhiteElo "2357"]
[BlackElo "2362"]
[Result "1/2-1/2"]
[Round "07"]
[TimeControl "180+1"]
[Date "2022.03.16"]
[WhiteClock "0:00:10"]
[BlackClock "0:00:03"]

1. e4 e5 2. Bc4 Nf6 3. d3 Nc6 4. Nc3 Na5 5. Nge2 Nxc4 6. dxc4 d6 7. O-O Be7 8. b3 O-O 9. Ng3 c6 10. Qf3 g6 11. h3 Qa5 12. Bg5 Nd5 13. Bxe7 Nxe7 14. Rad1 Rd8 15. Rd3 f5 16. exf5 Bxf5 17. Nce4 Qc7 18. Rfd1 Bxe4 19. Nxe4 Nf5 20. c3 Rf8 21. Qe2 Rad8 22. Qd2 Qf7 23. f3 Rd7 24. Nxd6 Nxd6 25. Rxd6 Re7 26. Qe3 Qg7 27. Qxa7 e4 28. fxe4 Qxc3 29. Rd8 Rxe4 30. Rxf8+ Kxf8 31. Rd8+ Re8 32. Rxe8+ Kxe8 33. Qb8+ Kf7 34. Qxb7+ Kg8 35. Qc8+ Kg7 36. Qd7+ Kg8 37. Qe6+ Kg7 38. Qe2 h5 39. Kf2 Qd4+ 40. Qe3 Qb2+ 41. Qe2 Qd4+ 42. Ke1 Qa1+ 43. Qd1 Qe5+ 44. Kf1 Qf4+ 45. Kg1 Qe3+ 46. Kh1 h4 47. a4 Qc3 48. Qd7+ Kh6 49. Qd1 g5 50. Kg1 Qe3+ 51. Kf1 Qc3 52. Ke2 Qb2+ 53. Kd3 c5 54. Qf3 Qxb3+ 55. Ke4 Qxc4+ 56. Kf5 Qf7+ 57. Kg4 Qd7+ 58. Qf5 Qd1+ 59. Qf3 Qd4+ 60. Kf5 Qd7+ 61. Ke5 Qc7+ 62. Kd5 c4 63. Qc3 Qd7+ 64. Kxc4 Qxa4+ 65. Kd3 Qd7+ 66. Ke3 Qf5 67. Ke2 Qe4+ 68. Kf2 Qf4+ 69. Kg1 Qg3 70. Qf6+ Kh5 71. Qh8+ Kg6 72. Qg8+ Kh6 73. Qf8+ Kg6 74. Qg8+ Kf6 75. Qf8+ Ke6 76. Qe8+ Kd5 77. Qd7+ Ke4 78. Qe6+ Kd3 79. Qd5+ Ke2 80. Qc4+ Ke1 81. Qc1+ Ke2 82. Qc2+ Ke1 83. Qc1+ Ke2 84. Qc2+ Ke3 85. Qc1+ Ke4 86. Qb1+ Qd3 87. Qb7+ Ke3 88. Qb6+ Qd4 89. Qxd4+ Kxd4 90. Kf2 Ke4 91. Ke2 Kf4 92. Kf2 Ke4 93. Ke2 Kf4 94. Kf2 g4 95. hxg4 Kxg4 96. Kf1 Kf4 97. Kf2 Kg4 98. Kf1 h3 99. Kg1 Kg3 100. gxh3 Kxh3 1/2-1/2


[Site "https://www.chess.com"]

[Event "Titled Tuesday Blitz March 15 Late 2022"]
[White "Toncheva, Nadya"]
[Black "Cagara, Paulina"]
[WhiteFideId "2924056"]
[BlackFideId "1124870"]
[WhiteElo "1884"]
[BlackElo "1780"]
[Result "1-0"]
[Round "07"]
[TimeControl "180+1"]
[Date "2022.03.16"]
[WhiteClock "0:00:13"]
[BlackClock "0:00:01"]

1. e4 c6 2. d4 d5 3. Nc3 a6 4. a4 Nf6 5. e5 Nfd7 6. e6 fxe6 7. f4 Nf6 8. Nf3 g6 9. Ne5 Bg7 10. h4 Nh5 11. Bd3 O-O 12. O-O Nd7 13. Qg4 Nxe5 14. fxe5 Rxf1+ 15. Kxf1 Qf8+ 16. Kg1 c5 17. Be3 cxd4 18. Rf1 Qxf1+ 19. Bxf1 dxe3 20. Qg5 d4 21. Ne2 Bd7 22. Nxd4 Bxa4 23. Qxe3 Rc8 24. b3 Be8 25. g4 Rc5 26. gxh5 Rxe5 27. Qf2 Rxh5 28. Bh3 Bf7 29. Nxe6 Bf6 30. Nd8 Rxh4 31. Qf3 Bd4+ 32. Kg2 Bf6 33. Nxf7 Kxf7 34. Qxb7 Rd4 35. Qxa6 Rd2+ 36. Kf3 Rxc2 37. Be6+ Kg7 38. Qa8 Rc3+ 39. Ke2 Bg5 40. Qg8+ Kh6 41. Qf8+ Kh5 42. Qf7 h6 43. Bf5 Re3+ 44. Kd1 Rg3 45. Bxg6+ Kh4 46. Qf2 1-0


[Site "https://www.chess.com"]

[Event "Titled Tuesday Blitz March 15 Late 2022"]
[White "Travadon, Loic"]
[Black "Svane, Rasmus"]
[WhiteFideId "26092131"]
[BlackFideId "4657101"]
[WhiteElo "2341"]
[BlackElo "2931"]
[Result "0-1"]
[Round "07"]
[TimeControl "180+1"]
[Date "2022.03.15"]
[WhiteClock "0:01:32"]
[BlackClock "0:00:18"]

1. g3 d5 2. Bg2 e5 3. d3 Nf6 4. Nd2 c6 5. e3 Bd6 6. Ne2 O-O 7. h3 Re8 8. g4 Be6 9. b3 a5 10. a3 Nbd7 11. Bb2 a4 12. b4 Qc7 13. O-O Nf8 14. f4 Bd7 15. f5 h6 16. e4 c5 17. Ng3 cxb4 18. exd5 bxa3 19. Bc1 Nxd5 20. Nc4 Nf4 21. Be4 Bc5+ 22. Kh2 b5 23. Nxa3 Rad8 24. Rb1 b4 25. Nc4 a3 26. Qf3 Bd4 27. Bd2 a2 28. Ra1 Bxa1 29. Rxa1 b3 30. cxb3 Rb8 31. Rxa2 Rxb3 32. Nh5 Nxh5 33. gxh5 Nh7 34. h4 Nf6 35. Ba5 Qc5 36. Rg2 Kh8 37. Bd2 Bb5 38. Qg3 Rg8 39. Nxe5 Qe7 40. Qf4 Nxh5 41. f6 Nxf6 42. Qf5 Bd7 43. Nxd7 Qxd7 44. Qe5 Nxe4 45. Bxh6 f6 46. Qh5 gxh6 47. Rxg8+ Kxg8 48. Qg6+ Kf8 49. Qxh6+ Qg7 50. Qc1 Qg3+ 51. Kh1 Nf2# 0-1


[Site "https://www.chess.com"]

[Event "Titled Tuesday Blitz March 15 Late 2022"]
[White "Urazayev, Arystanbek"]
[Black "Kubicka, Anna"]
[WhiteFideId "13709810"]
[BlackFideId "1152254"]
[WhiteElo "2393"]
[BlackElo "2000"]
[Result "1-0"]
[Round "07"]
[TimeControl "180+1"]
[Date "2022.03.15"]
[WhiteClock "0:01:14"]
[BlackClock "0:00:03"]

1. d4 Nf6 2. c4 e6 3. Nc3 Bb4 4. Nf3 d5 5. g3 O-O 6. Bg2 dxc4 7. O-O Nc6 8. a3 Be7 9. e4 Bd7 10. h4 Rb8 11. e5 Nd5 12. Ng5 Nxc3 13. bxc3 h6 14. Be4 f5 15. exf6 Bxf6 16. Nh7 Re8 17. Bg6 b5 18. Qh5 Kh8 19. Ng5 Qe7 20. Nf7+ Kg8 21. Bxh6 gxh6 22. Qxh6 Bg7 23. Qh7+ Kf8 24. Rfe1 e5 25. d5 Nd8 26. Nh6 Qf6 27. Ng8 Qf3 28. Be4 Qg4 29. Re3 Re7 30. Nxe7 Kxe7 31. Bf3 Qf5 32. Qxg7+ Nf7 33. Rae1 Rf8 34. Rxe5+ 1-0


[Site "https://www.chess.com"]

[Event "Titled Tuesday Blitz March 15 Late 2022"]
[White "Van Foreest, Jorden"]
[Black "Bok, Benjamin"]
[WhiteFideId "1039784"]
[BlackFideId "1017063"]
[WhiteElo "2899"]
[BlackElo "2947"]
[Result "1-0"]
[Round "07"]
[TimeControl "180+1"]
[Date "2022.03.15"]
[WhiteClock "0:00:08"]
[BlackClock "0:00:08"]

1. e4 c5 2. Nf3 d6 3. d4 cxd4 4. Nxd4 Nf6 5. Nc3 a6 6. Bd2 Nc6 7. Nxc6 bxc6 8. Bd3 g6 9. O-O Bg7 10. Qe1 O-O 11. e5 dxe5 12. Qxe5 Bf5 13. Qe2 Bxd3 14. cxd3 Qd7 15. Rfd1 Rfd8 16. Bg5 Nd5 17. Ne4 Rab8 18. Rab1 Qe6 19. a3 h6 20. Bh4 Rb5 21. Qc2 g5 22. Bg3 f5 23. Nc5 Qf6 24. Ne4 Qg6 25. h3 Rf8 26. Nc5 a5 27. Nd7 Rc8 28. Ne5 Qe6 29. Re1 f4 30. Nc4 Qf6 31. Bh2 Rcb8 32. Kh1 Qf7 33. Bg1 Qf5 34. f3 h5 35. Re4 g4 36. Kh2 Bf6 37. Qe2 gxh3 38. gxh3 Kf7 39. Bd4 Rg8 40. Bxf6 Qxf6 41. Ne5+ Ke8 42. Rc1 Ne3 43. Rxc6 Qxc6 44. Nxc6 Rxb2 45. Qxb2 Nf1+ 46. Kh1 Ng3+ 47. Kg1 Nxe4+ 48. Kf1 Ng3+ 49. Ke1 Kd7 50. Ne5+ Kd6 51. Qd4+ Ke6 52. Qc4+ Kxe5 53. Qxg8 Nf5 54. Qg5 e6 55. Qxh5 Kd4 56. Qg5 Ke3 57. h4 Kxf3 58. h5 Nd4 59. h6 Nc2+ 60. Kd2 Ne3 61. h7 Nf1+ 1-0


[Site "https://www.chess.com"]

[Event "Titled Tuesday Blitz March 15 Late 2022"]
[White "Vifleemskaia, Svetlana"]
[Black "Sailer, Mike"]
[WhiteFideId "4129490"]
[BlackFideId "2012901"]
[WhiteElo "1901"]
[BlackElo "2109"]
[Result "0-1"]
[Round "07"]
[TimeControl "180+1"]
[Date "2022.03.16"]
[WhiteClock "0:00:46"]
[BlackClock "0:00:47"]

1. d4 d5 2. c4 Bf5 3. Nc3 e6 4. Qb3 Nc6 5. Nf3 Bb4 6. cxd5 exd5 7. Bd2 Nf6 8. e3 O-O 9. Bb5 Bxc3 10. bxc3 Na5 11. Qd1 c6 12. Be2 b5 13. O-O Ne4 14. a4 a6 15. Ne5 Nxd2 16. Qxd2 Nb3 17. Qb2 Nxa1 18. Qxa1 Qd6 19. a5 c5 20. Bf3 f6 21. Ng4 h5 22. dxc5 Qxc5 23. Rd1 Rad8 24. Nh6+ gxh6 25. Bxh5 Rd7 26. Bf3 Rfd8 27. Rd4 Be4 28. Bg4 Rg7 29. Be6+ Kh8 30. Bh3 Bxg2 31. Bxg2 Rdg8 32. c4 Rxg2+ 33. Kh1 Rg1+ 34. Qxg1 Rxg1+ 35. Kxg1 bxc4 0-1


[Site "https://www.chess.com"]

[Event "Titled Tuesday Blitz March 15 Late 2022"]
[White "Vovk, Orest"]
[Black "Rozman, Levy"]
[WhiteFideId "14113490"]
[BlackFideId "2039877"]
[WhiteElo "2203"]
[BlackElo "2376"]
[Result "0-1"]
[Round "07"]
[TimeControl "180+1"]
[Date "2022.03.16"]
[WhiteClock "0:00:07"]
[BlackClock "0:00:07"]

1. h4 b6 2. h5 Bb7 3. Nc3 d5 4. e4 d4 5. Nce2 Bxe4 6. Rh4 f5 7. Nxd4 Qxd4 8. d3 Qf6 9. Nf3 Bb7 10. Bg5 Qxb2 11. Rc4 Bxf3 12. Qxf3 Qxa1+ 13. Ke2 Qe5+ 14. Kd1 c6 15. Rxc6 Nd7 16. Bf4 Qa1+ 17. Ke2 Rd8 18. g4 Ne5 19. Bxe5 Qxe5+ 20. Kd1 Qd5 21. Qxd5 Rxd5 22. Bg2 Rd6 23. Rc8+ Kf7 24. gxf5 Nf6 25. Rc7 Nxh5 26. Rxa7 Nf6 27. a4 h5 28. Bh3 h4 29. Ke2 Rh5 30. Kf3 Rg5 31. Kf4 Rg1 32. f3 Rh1 33. Bg4 Nxg4 34. Kxg4 g5 35. Kxg5 h3 0-1


[Site "https://www.chess.com"]

[Event "Titled Tuesday Blitz March 15 Late 2022"]
[White "Weber, Samuel"]
[Black "Golubka, Petro"]
[WhiteFideId "12924008"]
[BlackFideId "14114224"]
[WhiteElo "2215"]
[BlackElo "2346"]
[Result "0-1"]
[Round "07"]
[TimeControl "180+1"]
[Date "2022.03.15"]
[WhiteClock "0:00:01"]
[BlackClock "0:01:56"]

1. e4 e5 2. Nf3 Nc6 3. Bc4 Nf6 4. d3 h6 5. a4 a6 6. Nc3 Bb4 7. Bd2 d6 8. Nd5 Bc5 9. h3 Be6 10. Nxf6+ Qxf6 11. Bxe6 fxe6 12. c3 O-O 13. b4 Bb6 14. Qe2 Ne7 15. a5 Ba7 16. Be3 Ng6 17. O-O Kh7 18. d4 exd4 19. Bxd4 Nf4 20. Qe3 Qg6 21. Ne1 c5 22. bxc5 e5 23. Kh2 exd4 24. cxd4 dxc5 25. dxc5 Rac8 26. Rc1 Qg5 27. g3 Ne6 28. f4 Qh5 29. Nd3 Nxc5 30. Nxc5 Bxc5 31. Qd3 Rfd8 32. Qf3 Rd2+ 33. Qg2 Rxg2+ 34. Kxg2 Qe2+ 35. Kh1 Qxe4+ 36. Kh2 Rd8 37. Rce1 Rd2+ 38. Rf2 Rxf2+ 39. Kg1 Qg2# 0-1


[Site "https://www.chess.com"]

[Event "Titled Tuesday Blitz March 15 Late 2022"]
[White "Xu, Yi"]
[Black "Jaferian, Koosha"]
[WhiteFideId "8605564"]
[BlackFideId "12507440"]
[WhiteElo "2471"]
[BlackElo "2030"]
[Result "1/2-1/2"]
[Round "07"]
[TimeControl "180+1"]
[Date "2022.03.15"]
[WhiteClock "0:00:04"]
[BlackClock "0:00:17"]

1. e4 c6 2. d4 d5 3. e5 Bf5 4. h4 h5 5. Bd3 Bxd3 6. Qxd3 Qa5+ 7. Nd2 e6 8. Nf3 Ne7 9. c3 Nf5 10. a4 Qa6 11. Qxa6 Nxa6 12. b4 Be7 13. Nb3 Nb8 14. Bg5 Nd7 15. Bxe7 Kxe7 16. Ke2 Rhc8 17. Rhb1 b6 18. g3 c5 19. bxc5 bxc5 20. Nxc5 Nxc5 21. dxc5 Rxc5 22. Rb7+ Kf8 23. Rb3 Rac8 24. Kd2 Rc4 25. a5 d4 26. Raa3 Rd8 27. cxd4 Nxd4 28. Nxd4 Rcxd4+ 29. Rd3 g6 30. Ke3 Rxd3+ 31. Rxd3 Rb8 32. Rd7 a6 33. Rd6 Rb3+ 34. Ke2 Rb2+ 35. Ke3 Rb3+ 36. Kd4 Rb4+ 37. Kc3 Re4 38. Rxa6 Rxe5 39. Ra7 Re2 40. a6 Rxf2 41. Rb7 Ra2 42. a7 Kg7 43. Kb3 Ra1 44. Kb2 Ra6 45. Kb3 e5 46. Kb4 e4 47. Kb5 Ra1 48. Kb6 Kf6 49. Rb8 Kf5 50. a8=Q Rxa8 51. Rxa8 Kg4 52. Re8 f5 53. Re6 Kxg3 54. Rxg6+ Kxh4 55. Kc5 Kh3 56. Kd4 h4 57. Ke3 Kh2 58. Rg5 h3 59. Rxf5 Kg2 60. Rg5+ Kf1 61. Rh5 Kg2 62. Rg5+ Kf1 63. Rf5+ Kg2 64. Rf2+ Kg1 65. Re2 h2 66. Rxh2 Kxh2 67. Kxe4 1/2-1/2


[Site "https://www.chess.com"]

[Event "Titled Tuesday Blitz March 15 Late 2022"]
[White "Yedidia, Daniel"]
[Black "Peatman, Carter"]
[WhiteFideId "30905907"]
[BlackFideId "2096480"]
[WhiteElo "2509"]
[BlackElo "2440"]
[Result "0-1"]
[Round "07"]
[TimeControl "180+1"]
[Date "2022.03.16"]
[WhiteClock "0:00:02"]
[BlackClock "0:00:06"]

1. d4 d5 2. c4 dxc4 3. Nf3 a6 4. a4 Nc6 5. e3 Na5 6. Nbd2 Be6 7. Ne5 b5 8. g3 Bd5 9. e4 Bb7 10. d5 Nf6 11. Bg2 g6 12. O-O Bg7 13. f4 O-O 14. Ndf3 Nd7 15. Be3 Nb3 16. Rb1 Ndc5 17. axb5 axb5 18. Qc2 f6 19. Nc6 Bxc6 20. dxc6 Qd3 21. Qxd3 Nxd3 22. Rfd1 e5 23. fxe5 fxe5 24. Ng5 Rfe8 25. Bh3 Nbc5 26. Rf1 h6 27. Nf3 Nxe4 28. Nh4 g5 29. Nf5 Bf8 30. Bg2 Nd6 31. Bd5+ Kh7 32. Nxd6 Bxd6 33. Rf7+ Kh8 34. Rf6 Bf8 35. Rf7 Bg7 36. Rxc7 Rad8 37. Rd7 Nb4 38. Bf7 Rxd7 39. cxd7 Rd8 40. Be6 Bf6 41. Bb6 Rb8 42. Bc5 Nd3 43. Bd6 Ra8 44. Rf1 Kg7 45. Bc7 Nc5 46. Rxf6 Kxf6 47. Bg4 Nb7 48. Bf3 Rd8 49. Bxd8+ Nxd8 50. Kf2 Ke7 51. Bg4 Nb7 52. Ke3 Nc5 53. h4 Nxd7 54. hxg5 hxg5 55. Be2 Nc5 56. Kf3 Kf6 57. Kg4 Ne4 58. Bf3 Nd2 59. Bc6 b4 60. Ba4 Ne4 61. Bc2 Nc5 62. Kf3 Ke6 63. Ke3 Kd5 64. Bg6 e4 65. Bf7+ Ne6 66. Bg8 Ke5 67. Bh7 Nc5 68. Bg8 c3 69. bxc3 bxc3 70. Bh7 c2 71. Kd2 Kd4 72. Kxc2 Ke3 73. Kc3 Nd3 74. Kc4 Nf2 75. Kd5 Kf3 76. Ke5 g4 77. Bg8 Kxg3 78. Kd4 Kf3 79. Bd5 g3 80. Kc3 g2 0-1


[Site "https://www.chess.com"]

[Event "Titled Tuesday Blitz March 15 Late 2022"]
[White "Yoo, Christopher Woojin"]
[Black "Maltsevskaya, Aleksandra"]
[WhiteFideId "30909694"]
[BlackFideId "24174041"]
[WhiteElo "2105"]
[BlackElo "2241"]
[Result "1-0"]
[Round "07"]
[TimeControl "180+1"]
[Date "2022.03.15"]
[WhiteClock "0:00:05"]
[BlackClock "0:00:06"]

1. e4 c5 2. Nf3 e6 3. c3 d5 4. exd5 exd5 5. d4 Bd6 6. Bb5+ Nc6 7. O-O Ne7 8. Bg5 O-O 9. dxc5 Bxc5 10. Nbd2 Qd6 11. Nb3 Bb6 12. Qd2 Ng6 13. Rfe1 Bg4 14. Nfd4 Bc7 15. g3 h6 16. Be3 Rfe8 17. Be2 Bxe2 18. Qxe2 Nce5 19. Nb5 Qd7 20. Rad1 Bb6 21. Bxb6 axb6 22. N5d4 Rxa2 23. f4 Qh3 24. fxe5 Nxe5 25. Qf2 g6 26. Re2 Kg7 27. Qg2 Qg4 28. Rde1 Nd3 29. Rxe8 Rxb2 30. Qf3 Qh3 31. Ne6+ fxe6 32. Qf8+ Kh7 33. Qg8# 1-0


[Site "https://www.chess.com"]

[Event "Titled Tuesday Blitz March 15 Late 2022"]
[White "Zhigalko, Sergei"]
[Black "Rastbod, Ali"]
[WhiteFideId "13502956"]
[BlackFideId "12567477"]
[WhiteElo "2861"]
[BlackElo "2650"]
[Result "1-0"]
[Round "07"]
[TimeControl "180+1"]
[Date "2022.03.15"]
[WhiteClock "0:00:03"]
[BlackClock "0:00:02"]

1. e4 e6 2. d4 d5 3. e5 b6 4. c3 Qd7 5. Nf3 c5 6. h4 h6 7. h5 Ne7 8. Nbd2 Ba6 9. Bxa6 Nxa6 10. O-O Rc8 11. Re1 Nc6 12. Qe2 Nab8 13. Nf1 cxd4 14. Nxd4 Nxd4 15. cxd4 Nc6 16. Be3 Be7 17. Qg4 Kf8 18. Rac1 Kg8 19. Qe2 Kh7 20. Qd3+ g6 21. Nh2 Nb4 22. Qb1 Kg7 23. a3 Nc6 24. Rc3 Na5 25. Rd3 Qb5 26. hxg6 fxg6 27. Bd2 Nc4 28. Rg3 Qe8 29. Bc1 Qf7 30. Rf3 Qe8 31. Ng4 h5 32. Nf6 Bxf6 33. Rxf6 Rf8 34. b3 Na5 35. Bg5 Rxf6 36. Bxf6+ Kf7 37. Qd3 b5 38. Kh2 a6 39. Re3 Qf8 40. Qd2 Nc6 41. Rf3 Ke8 42. Qg5 Qg8 43. Rf4 Rc7 44. Qh4 Rf7 45. Qg5 Qh7 46. a4 b4 47. Kg1 Kd7 48. Qh4 Na5 49. Rf3 g5 50. Qxg5 Qb1+ 51. Kh2 Nxb3 52. Qg8 Qh7 53. Qd8+ Kc6 54. Qc8+ Kb6 55. Qxe6+ Ka7 56. Rxb3 Rd7 57. Qc6 Rb7 58. Qc5+ Ka8 59. Rxb4 Qc7 60. Qxd5 Qc6 61. Qxc6 1-0


[Site "https://www.chess.com"]

[Event "Titled Tuesday Blitz March 15 Late 2022"]
[White "Zhurbinsky, David"]
[Black "Ladan, Nicholas"]
[WhiteFideId "2072904"]
[BlackFideId "30918855"]
[WhiteElo "2582"]
[BlackElo "2167"]
[Result "1-0"]
[Round "07"]
[TimeControl "180+1"]
[Date "2022.03.16"]
[WhiteClock "0:00:08"]
[BlackClock "0:00:08"]

1. e4 e5 2. Nc3 Nc6 3. Bc4 Nf6 4. f4 Nxe4 5. Nxe4 d5 6. Bd3 dxe4 7. Bxe4 exf4 8. Nf3 Bc5 9. d3 O-O 10. Bxf4 Re8 11. Ng5 f5 12. Qh5 h6 13. Qf7+ Kh8 14. Qh5 Qf6 15. O-O-O Bd7 16. Rhf1 Bd4 17. Bd5 Bxb2+ 18. Kb1 Nd8 19. Rfe1 Rxe1 20. Rxe1 Ba3 21. d4 Qb6+ 22. Bb3 Ne6 23. Nxe6 Bxe6 24. Rxe6 Qxd4 25. Rxh6+ gxh6 26. Qxh6# 1-0


[Site "https://www.chess.com"]

[Event "Titled Tuesday Blitz March 15 Late 2022"]
[White "Zomorrodian, Eilia"]
[Black "Bettalli, Francesco"]
[WhiteFideId "12551805"]
[BlackFideId "2816453"]
[WhiteElo "2098"]
[BlackElo "2216"]
[Result "1-0"]
[Round "07"]
[TimeControl "180+1"]
[Date "2022.03.16"]
[WhiteClock "0:00:37"]
[BlackClock "0:01:02"]

1. b3 e5 2. Bb2 d6 3. Nf3 Nd7 4. d3 g6 5. g3 Bg7 6. Bg2 f5 7. O-O Ngf6 8. Nbd2 O-O 9. e4 f4 10. d4 Qe7 11. dxe5 dxe5 12. Nc4 fxg3 13. hxg3 Nxe4 14. Qd5+ Kh8 15. Qxe4 Nc5 16. Qe2 Bg4 17. Qe3 b5 18. Ncxe5 Rae8 19. Ba3 Bxf3 20. Bxc5 Qxe5 21. Bxf8 Rxf8 22. Rae1 Qxe3 23. Rxe3 Bg4 24. Re7 Bd4 25. Re4 1-0


[Site "https://www.chess.com"]

[Event "Titled Tuesday Blitz March 15 Late 2022"]
[White "Albuquerque Junior,Wellington S."]
[Black "Hirneise, Jens"]
[WhiteFideId "2151480"]
[BlackFideId "24614734"]
[WhiteElo "2042"]
[BlackElo "2359"]
[Result "0-1"]
[Round "08"]
[TimeControl "180+1"]
[Date "2022.03.16"]
[WhiteClock "0:00:09"]
[BlackClock "0:00:19"]

1. c4 e6 2. g3 h5 3. Nf3 Be7 4. Bg2 h4 5. d4 h3 6. Bf1 d5 7. Nc3 c6 8. e4 dxe4 9. Nxe4 Nf6 10. Nxf6+ Bxf6 11. Be3 Nd7 12. Be2 Qe7 13. O-O e5 14. dxe5 Nxe5 15. Nxe5 Qxe5 16. Re1 O-O 17. Bg4 Qe4 18. f3 Qxc4 19. Bxc8 Raxc8 20. b3 Qb4 21. Rc1 Rfe8 22. Rc4 Qa5 23. Re2 Rcd8 24. Qe1 Qxe1+ 25. Rxe1 a6 26. Re2 Rd1+ 27. Kf2 Rh1 28. Rb4 Rxh2+ 29. Kf1 Rh1+ 30. Kf2 h2 31. Kg2 Rd1 32. Kxh2 Rd3 33. Re4 Rxe4 34. fxe4 Be5 35. Kg2 f6 36. Bf4 Kf7 37. Rc2 Ke6 38. Rc4 Bxf4 39. gxf4 Rd2+ 40. Kf3 Rxa2 41. Rb4 b5 42. Rd4 Rb2 43. b4 Rc2 44. Rd8 Rc4 45. f5+ Ke7 46. Rb8 Rxb4 47. Rb7+ Kf8 48. Rc7 a5 49. Ke3 a4 50. Rxc6 a3 51. Rc8+ Kf7 52. Rc1 a2 53. Ra1 Ra4 54. Kd3 Ke7 55. Kc3 Kd6 56. Kb3 Ke5 0-1


[Site "https://www.chess.com"]

[Event "Titled Tuesday Blitz March 15 Late 2022"]
[White "Al-Tarboush, Ward"]
[Black "Demchenko, Anton"]
[WhiteFideId "7601450"]
[BlackFideId "4160258"]
[WhiteElo "2276"]
[BlackElo "2539"]
[Result "0-1"]
[Round "08"]
[TimeControl "180+1"]
[Date "2022.03.15"]
[WhiteClock "0:00:12"]
[BlackClock "0:01:03"]

1. e4 e5 2. Nf3 Nc6 3. Bb5 a6 4. Ba4 Nge7 5. O-O Ng6 6. c3 d6 7. d4 Bd7 8. Be3 Be7 9. Nbd2 O-O 10. Re1 b5 11. Bb3 exd4 12. cxd4 Na5 13. Bc2 c5 14. Nf1 Nc4 15. b3 Nxe3 16. Nxe3 Re8 17. Nd5 Bf8 18. Qd2 Bg4 19. Qe3 Rc8 20. dxc5 dxc5 21. h3 Be6 22. Rad1 Bxd5 23. Rxd5 Qxd5 24. exd5 Rxe3 25. fxe3 Rd8 26. e4 f6 27. g3 Bd6 28. Kf2 Kf7 29. Bd3 Rc8 30. Rc1 Rc7 31. Rc2 Ke7 32. a4 c4 33. bxc4 bxa4 34. Nd4 Bc5 35. Ke3 Ne5 36. Ra2 a3 37. d6+ Kxd6 38. Rd2 Ke7 39. Be2 Rd7 0-1


[Site "https://www.chess.com"]

[Event "Titled Tuesday Blitz March 15 Late 2022"]
[White "Andreikin, Dmitry"]
[Black "Narayanan.S.L"]
[WhiteFideId "4158814"]
[BlackFideId "5058422"]
[WhiteElo "2736"]
[BlackElo "2494"]
[Result "1-0"]
[Round "08"]
[TimeControl "180+1"]
[Date "2022.03.15"]
[WhiteClock "0:01:44"]
[BlackClock "0:00:15"]

1. e4 e5 2. Nf3 Nf6 3. Nc3 Nc6 4. d4 exd4 5. Nxd4 Bb4 6. Nxc6 bxc6 7. Bd3 d5 8. Bd2 O-O 9. O-O Rb8 10. Re1 Bg4 11. Qc1 Re8 12. h3 Bh5 13. exd5 Rxe1+ 14. Qxe1 cxd5 15. a3 Bf8 16. b4 c6 17. Bf4 Rb7 18. Na4 Bg6 19. Qc3 Qe8 20. Re1 Re7 21. Rxe7 Bxe7 22. Qd4 Qd7 23. Be3 Bxd3 24. cxd3 a6 25. Qb6 Qc8 26. Qa7 Bd8 27. Nc5 h5 28. Qxa6 Qc7 29. Qb7 Qe5 30. Qc8 Qa1+ 31. Kh2 Qe5+ 32. g3 Qe8 33. Nb7 Be7 34. Qxe8+ Nxe8 35. Na5 1-0


[Site "https://www.chess.com"]

[Event "Titled Tuesday Blitz March 15 Late 2022"]
[White "Arabidze, Meri"]
[Black "Costachi, Mihnea"]
[WhiteFideId "13604040"]
[BlackFideId "1217518"]
[WhiteElo "2335"]
[BlackElo "2464"]
[Result "0-1"]
[Round "08"]
[TimeControl "180+1"]
[Date "2022.03.15"]
[WhiteClock "0:00:04"]
[BlackClock "0:01:06"]

1. Nf3 d5 2. d4 Nf6 3. c4 c6 4. Nc3 g6 5. e3 Bg7 6. Be2 O-O 7. O-O Nbd7 8. Qc2 Re8 9. Rd1 dxc4 10. Bxc4 Nb6 11. b3 Nxc4 12. bxc4 Bg4 13. Qe2 Qa5 14. Bd2 Qa6 15. Rab1 e5 16. dxe5 Nd7 17. c5 Qxe2 18. Nxe2 Nxc5 19. Bb4 b6 20. Bxc5 bxc5 21. Rdc1 Bxf3 22. gxf3 Rxe5 23. f4 Rd5 24. Nc3 Rd2 25. a4 f5 26. a5 Bf8 27. Na4 Ra2 28. Nxc5 Rxa5 29. Ne6 Rc8 30. Nxf8 Kxf8 31. Rb7 Kg8 32. Rd1 Rd5 33. Rxd5 cxd5 34. Rxa7 Rd8 35. Kg2 d4 36. exd4 Rxd4 37. Kg3 Rd3+ 38. f3 Rd2 39. Rb7 Rd1 40. Ra7 Rg1+ 41. Kf2 Rh1 42. Kg2 Re1 43. Kf2 Re8 44. Kg3 Rf8 45. Kf2 Rf7 46. Ra8+ Kg7 47. Kg3 Rc7 48. Rb8 Rc4 49. Rb7+ Kh6 50. Ra7 Rc1 51. Rb7 Rg1+ 52. Kf2 Rh1 53. Kg2 Ra1 54. Kg3 Ra4 55. Rc7 Rb4 56. Ra7 Rb8 57. Rc7 Ra8 58. Rb7 Rh8 59. Ra7 Kh5 60. Rb7 h6 61. Rb6 Ra8 62. Rc6 Rb8 63. Rd6 Rb1 64. Ra6 Rg1+ 65. Kf2 Rh1 66. Kg2 Rb1 67. Kg3 Rb2 68. Rc6 Rb3 69. Ra6 Rb4 70. Rf6 Ra4 71. Rf7 Ra6 72. Rf8 Rb6 73. Rf7 Rc6 74. Rf8 Rc7 75. Rf6 Rc1 76. Rf7 Rg1+ 77. Kf2 Rc1 78. Kg2 Kh4 79. Rf6 Rc2+ 80. Kg1 Kh5 81. Kh1 Rf2 82. Rd6 Rxf3 83. Rd4 Kg4 84. Rd6 Kh3 85. Kg1 Rxf4 86. Rxg6 Rg4+ 87. Rxg4 Kxg4 88. Kg2 Kf4 89. Kf2 Ke4 90. Ke2 h5 91. Kf2 Kf4 92. Ke2 Kg4 93. Kf2 Kh3 94. Kg1 Kg4 95. Kg2 Kf4 96. Kf2 h4 97. Ke2 Ke4 98. Kf2 f4 99. Kg2 Ke3 100. Kf1 Kf3 101. Kg1 Ke2 102. Kg2 f3+ 103. Kh3 f2 0-1


[Site "https://www.chess.com"]